 Dungeon Crawl Stone Soup version 0.31-a0-237-g2d982f9f85 (webtiles) character file.

Game seed: 6723775314688684993

76 qw the Shooter (level 4, -2/36 HPs)
             Began as a Minotaur Hexslinger on July 11, 2023.
             Slain by a gnoll
             ... wielding a +0 halberd
              (10 damage)
             ... on level 3 of the Dungeon.
             The game lasted 00:00:36 (1781 turns).

qw the Shooter (Minotaur Hexslinger)                Turns: 1781, Time: 00:00:37

Health: -2/36      AC:  7    Str: 13    XL:     4   Next: 12%
Magic:  4/4        EV: 11    Int: 10    God:
Gold:   99         SH:  0    Dex: 14    Spells: 4/5 levels left

rFire   . . .        Y - +1 sling
rCold   . . .        (no shield)
rNeg    . . .        a - +0 ring mail
rPois   .            g - +1 hat {Will+}
rElec   .            (no cloak)
rCorr   .            b - +0 pair of gloves
SInv    .            (no boots)
Will    +....        (no amulet)
Stlth   +            (no ring)
HPRegen 0.26/turn    (no ring)
MPRegen 0.09/turn

%: no passive effects
@: lethally poisoned (-2 -> -13)
A: horns 2, retaliatory headbutt
a: no special abilities


You were on level 3 of the Dungeon.
You visited 1 branch of the dungeon, and saw 3 of its levels.

You collected 99 gold pieces.


Innate Abilities, Weirdness & Mutations

You have a pair of horns on your head.
You reflexively headbutt those who attack you in melee.


   Skills:
 - Level 2.0 Fighting
 - Level 4.6 Ranged Weapons
 + Level 0.3 Armour
 - Level 2.1 Dodging
 - Level 1.0 Spellcasting
 - Level 2.0 Hexes


You had 4 spell levels left.
You knew the following spells:

 Your Spells              Type           Power      Damage    Failure   Level
a - Slow                  Hex            16%        N/A       32%         1

Your spell library contained the following spells:

 Spells                   Type           Power      Damage    Failure   Level
 Inner Flame              Hex/Fire       2%         N/A       82%         3
 Portal Projectile        Hex/Tloc       4%         N/A       82%         3
 Cause Fear               Hex            2%         N/A       97%         4

Inventory:

Hand Weapons
 Y - a +1 sling (weapon)
Armour
 a - a +0 ring mail (worn)
 b - a +0 pair of gloves (worn)
 g - a +1 hat of willpower (worn)
Scrolls
 k - 2 scrolls of identify
Potions
 d - a potion of haste
 l - a potion of heal wounds {unknown}

Dungeon Overview and Level Annotations

Branches:
Dungeon (3/15)

Altars:


Message History

You shoot a sling bullet. The sling bullet hits the bat!
You kill the bat!
You open the door.
There is an open door here.
You now have 99 gold pieces (gained 6).
Found a dagger.
Enter note: A gnoll comes into view. It is wielding a +3 halberd.
The gnoll shouts!
Enter note: You shoot a sling bullet.
The sling bullet closely misses the gnoll.
You shoot a sling bullet. The sling bullet hits the gnoll.
The gnoll is lightly wounded.
A gnoll comes into view. It is wielding a +2 halberd of venom.
You shoot a sling bullet. The gnoll shouts!
The sling bullet hits the gnoll.
The gnoll is moderately wounded.
You hear a shout!
A gnoll comes into view. It is wielding a +0 halberd.
You shoot a sling bullet.
The sling bullet closely misses the gnoll.
The sling bullet hits the gnoll but does no damage.
The gnoll hits you from afar with a +3 halberd.
You shoot a sling bullet. The sling bullet hits the gnoll.
The gnoll is moderately wounded.
The gnoll hits you from afar with a +3 halberd!
You shoot a sling bullet. The sling bullet hits the gnoll.
The gnoll is severely wounded.
The gnoll hits you from afar with a +3 halberd!
You shoot a sling bullet.
The sling bullet closely misses the gnoll.
The sling bullet hits the gnoll.
The gnoll is moderately wounded.
The gnoll hits you from afar with a +2 halberd of venom!
You are lethally poisoned!
The gnoll barely misses you.
The gnoll hits you from afar with a +0 halberd!
You die...

.......### #.# .......#
#.# .......# #.#######
.......# #.......#
.......#####.......#
...................+
...........#.......#
...).......#......g#####
...........#....@.g.....
...........#......g.....
......).%[.#............
...........#............
.......... #......)#####
.........# .......####
.......#


You could see 3 gnolls.

Vanquished Creatures
  Terence (D:2)
  An adder (D:2)
  6 bats
  3 endoplasms
  2 giant cockroaches
  2 goblins
  2 hobgoblins
  3 jackals (D:1)
  3 quokkas
  2 ball pythons (D:1)
  6 frilled lizards
  6 kobolds
  4 rats
41 creatures vanquished.

Notes
Turn   | Place    | Note
-------+----------+-------------------------------------------
     0 | D:1      | qw the Minotaur Hexslinger began the quest for the Orb.
     0 | D:1      | Reached XP level 1. HP: 16/16 MP: 1/1
     0 | D:1      | 0 ||| qw: Version: 0.3-a-52-g30416fa
     0 | D:1      | 0 ||| qw: Game counter: 5703
     0 | D:1      | 0 ||| qw: Melee chars always use a shield: true
     0 | D:1      | 0 ||| qw: God list: Okawaru
     0 | D:1      | 0 ||| qw: Allow faded altars: false
     0 | D:1      | 0 ||| qw: Do Orc after clearing Dungeon:15 true
     0 | D:1      | 0 ||| qw: Do second Lair branch before Depths: true
     0 | D:1      | 0 ||| qw: Lair rune preference: random
     0 | D:1      | 0 ||| qw: Goals: Normal
     0 | D:1      | 0 ||| PLANNING D:1-11
    30 | D:1      | Found a faded altar of an unknown god.
   318 | D:1      | Reached skill level 3 in Ranged Weapons
   318 | D:1      | Reached XP level 2. HP: 23/23 MP: 2/2
   772 | D:1      | 772 ||| UPGRADING to +1 hat of willpower.
   777 | D:1      | 777 ||| READING scroll labelled ESMIST SEN UHO.
   778 | D:1      | 778 ||| READING scroll labelled UTRYXAWEKA.
   782 | D:1      | 782 ||| READING 4 scrolls labelled CERETU KIODAQE.
   783 | D:1      | 783 ||| READING scroll labelled ERGHITO LOACO.
   784 | D:1      | 784 ||| READING scroll labelled ADOIRECUNLA.
   785 | D:1      | 785 ||| DRINKING 2 silvery potions.
   834 | D:1      | 834 ||| DRINKING 2 bubbling clear potions.
   835 | D:1      | 835 ||| READING 3 scrolls of identify.
   835 | D:1      | 835 ||| IDENTIFYING purple potion
   836 | D:1      | 836 ||| READING 2 scrolls of identify.
   836 | D:1      | 836 ||| IDENTIFYING fuming white potion
   837 | D:1      | 837 ||| DROPPING scroll of poison.
   838 | D:1      | 838 ||| DROPPING potion of lignification.
   839 | D:1      | 839 ||| DROPPING potion of degeneration.
   840 | D:1      | 840 ||| DROPPING potion of magic.
   909 | D:2      | Reached XP level 3. HP: 21/29 MP: 3/3
   994 | D:2      | Noticed Terence
  1001 | D:2      | Killed Terence
  1002 | D:2      | Reached skill level 4 in Ranged Weapons
  1364 | D:2      | Reached XP level 4. HP: 36/36 MP: 4/4
  1657 | D:2      | 1657 ||| UPGRADING to +0 ring mail.
  1667 | D:2      | 1667 ||| UPGRADING to +0 pair of gloves.
  1672 | D:2      | 1672 ||| DROPPING +0 robe.
  1781 | D:3      | HP: 8/36 [gnoll/+2 halberd of venom (11)]
  1781 | D:3      | Slain by a gnoll

Levels and vault maps discovered:
D:1:      evilmike_arrival_crescent, layout_loops_ring, basic_ecumenical_altar
D:2:      layout_basic, uniq_terence
D:3:      cheibrodos_fertilizer, layout_basic, lemuel_coloured_pillars_altar

Skill      XL: |  1  2  3 |
---------------+----------+-----
Ranged Weapons | 3 4 |  4.6
Fighting       | 2 |  2.0
Armour         | |  0.3
Dodging        | |  2.1
Spellcasting   | |  1.0
Hexes          | |  2.0

Action                     |  1- 3 |  4- 6 || total
---------------------------+-------+-------++-------
   Fire: Sling             |    83 |    32 ||   115
    Use: Scroll            |     7 |       ||     7
         Potion            |     2 |       ||     2
 Armour: Robe              |     7 |     5 ||    12
  Dodge: Dodged            |    22 |     7 ||    29

Table legend:
 A = Non-vault XP
 B = Vault XP
 C = Vault XP percentage of total XP
 D = Non-vault monster count
 E = Vault monster count
 F = Vault count percentage of total count
                 A         B        C        D         E       F
            +---------+---------+-------+---------+---------+-------
      Total |      73 |      36 |  33.0 |      40 |       1 |   2.4
            +---------+---------+-------+---------+---------+-------
        D:1 |      29 |       0 |   0.0 |      18 |       0 |   0.0
        D:2 |      39 |      36 |  48.0 |      19 |       1 |   5.0
        D:3 |       5 |       0 |   0.0 |       3 |       0 |   0.0
            +---------+---------+-------+---------+---------+-------
